 Dungeon Crawl Stone Soup version 0.28-a0-224-g76b539d98b (webtiles) character file.

Game seed: 14316650466017545887

22 Mesmaeker13 the Stinger (level 2, -3/22 HPs)
             Began as a Naga Venom Mage on Aug 21, 2021.
             Killed from afar by Sigmund (5 damage)
             ... with a magic dart
             ... on level 2 of the Dungeon.
             The game lasted 00:01:59 (1533 turns).

Mesmaeker13 the Stinger (Naga Venom Mage)           Turns: 1533, Time: 00:01:59

Health: -3/22      AC:  1    Str: 10    XL:     2   Next: 91%
Magic:  5/5        EV: 10    Int: 15    God:
Gold:   68         SH:  0    Dex: 11    Spells: 2/5 levels left

rFire   . . .      SeeInvis +   c - +0 dagger
rCold   . . .      Faith    .   (no shield)
rNeg    . . .      Spirit   .   a - +0 robe
rPois   +          Reflect  .   (no helmet)
rElec   .          Harm     .   (no cloak)
rCorr   .          Rampage  .   (no gloves)
Will    .....                   (no barding)
Stlth   +.........              (no amulet)
HPRegen 0.07/turn               (no ring)
MPRegen 0.09/turn               (no ring)

@: confused, brilliant, very slow
A: AC +0, large, see invisible, deformed body, poison resistance, slowness 2,
spit poison 1, naga tail 1
a: Spit Poison


You were on level 2 of the Dungeon.
You visited 1 branch of the dungeon, and saw 2 of its levels.

You collected 68 gold pieces.

Inventory:

Hand Weapons
 c - a +0 dagger (weapon)
Missiles
 l - 10 poisoned darts
Armour
 a - a +0 robe (worn)
 b - a +0 tower shield
Wands
 k - a wand of flame (27)
Scrolls
 d - a scroll of enchant weapon {unknown}
 f - a scroll of identify {unknown}
 h - a scroll of teleportation {unknown}
 i - a scroll of magic mapping {unknown}
 m - a scroll of fear {unknown}
Potions
 e - a potion of curing
 g - a potion of brilliance
 j - a potion of might {unknown}


   Skills:
 + Level 1.9 Dodging
 - Level 3.0 Stealth
 - Level 2.1 Spellcasting
 + Level 1.5 Transmutations
 + Level 0.4 Air Magic
 + Level 4.4 Poison Magic


You had 2 spell levels left.
You knew the following spells:

 Your Spells              Type           Power      Damage    Failure   Level
a - Sting                 Tmut/Pois      60%        1d6       6%          1
b - Poisonous Vapours     Pois/Air       26%        N/A       12%         2

Your spell library contained the following spells:

 Spells                   Type           Power      Damage    Failure   Level
 Mephitic Cloud           Conj/Pois/Air  9%         N/A       34%         3
 Olgreb's Toxic Radiance  Pois           22%        N/A       34%         4


Dungeon Overview and Level Annotations

Branches:
Dungeon (2/15)

Altars:

Annotations:
D:2 Sigmund


Innate Abilities, Weirdness & Mutations

Your serpentine skin is tough. (AC +0)
You have supernaturally acute eyesight. (SInv)
Armour fits poorly on your strangely shaped body.
Your system is resistant to poisons. (rPois)
You cover ground very slowly.
You can spit poison.
You have a snake-like lower body.


Message History

HP restored.
Magic restored.
Found a scroll labelled BOCOCK ROCWET.
m - a scroll labelled BOCOCK ROCWET
Found a stone staircase leading down.
Sigmund the Dreaded comes into view.
He is wielding a +2 scythe of protection.
Sigmund shouts!
Sigmund closely misses you.
Casting: Sting (safe; 6% risk of failure)
Confirm with . or Enter, or press ? or * to list all spells.
Aiming: Sting (safe; 6% risk of failure)
Press: ? - help, Shift-Dir - straight line, f - Sigmund
Aim: Sigmund, wielding a +2 scythe of protection and wearing a +0 robe (68% to hit)
The sting hits Sigmund.
Sigmund is poisoned.
Sigmund is lightly wounded.
Sigmund casts a spell at you. The puff of flame hits you.
Sigmund hits you from afar with a +2 scythe of protection!
Ouch! That really hurt!
* * * LOW HITPOINT WARNING * * *
It was a potion of brilliance.
You feel clever all of a sudden.
It was a potion of curing.
You feel better. Sigmund barely misses you.
Sigmund hits you from afar with a +2 scythe of protection!
Ouch! That really hurt!
* * * LOW HITPOINT WARNING * * *
Sigmund looks more healthy.
Sigmund gestures at you while chanting. You resist with significant effort.
Sigmund casts a spell at you.
You are confused.
You bump into the rock wall.
Sigmund casts a spell at you. You resist with significant effort.
Unknown command.
Okay, then.
Sigmund barely misses you.
Sigmund points at you and mumbles some strange words.
The magic dart hits you.
You die...

.....# #.####
## #.#### #.
#.# .. #.# #.
#.# ### #.# #.
#.# ... ..# #.
###.####.# #
.## #.
#..#.....# # .#
#####.##
##.#.####.###
.#
#....#.###....#
... .#
#....@..@..#..#
#.# .#
#..#######...##
#.. ## # ##.##
### #.# #
###.##.# .
#......# #
#>###..# ##.
#... .... #.#..


You could see Sigmund.

Vanquished Creatures
  A worm (D:2)
  2 ball pythons (D:2)
  3 endoplasms
  A giant cockroach (D:1)
  2 goblins
  3 kobolds (D:1)
  A quokka (D:1)
  2 bats
  2 rats (D:2)
17 creatures vanquished.

Vanquished Creatures (others)
  3 fungi (D:1)
  3 plants (D:1)
6 creatures vanquished.

Grand Total: 23 creatures vanquished

Notes
Turn   | Place    | Note
-------+----------+-------------------------------------------
     0 | D:1      | Mesmaeker13 the Naga Venom Mage began the quest for the
                  | Orb.
     0 | D:1      | Reached XP level 1. HP: 15/15 MP: 3/3
   481 | D:1      | Reached XP level 2. HP: 22/22 MP: 1/5
   706 | D:1      | Found a faded altar of an unknown god.
   908 | D:2      | Learned a level 2 spell: Poisonous Vapours
  1518 | D:2      | Noticed Sigmund
  1533 | D:2      | Killed from afar by Sigmund

Illustrated notes

Levels and vault maps discovered:
D:1:      tarquinn_simple_flora_water_f, layout_rooms,
          shapermc_ecumenical_altar_mp_vishouse, chequers_decorated_corner,
          lemuel_another_geyser
D:2:      layout_loops_ring, uniq_sigmund

Action                   || total
-------------------------++-------
Melee: Dagger            ||     9
 Cast: Sting             ||    40
  Use: Potion            ||     2
Armor: Robe              ||     2
Dodge: Dodged            ||    11

Table legend: (Time is in decaauts)
 A = Elapsed time spent in this place.
 B = Non-inter-level travel time spent in this place.
 C = Inter-level travel time spent in this place.
 D = Time resting spent in this place.
 E = Time spent auto-exploring this place.
 F = Levels seen in this place.
 G = Mean time per level.
                   A        B        C        D        E       F      G
               +--------+--------+--------+--------+--------+-----+--------+
         Total |   1871 |   1848 |     23 |    165 |   1424 |   2 |  935.5 |
       Dungeon |   1871 |   1848 |     23 |    165 |   1424 |   2 |  935.5 |
               +--------+--------+--------+--------+--------+-----+--------+

Top non-repeatable levels by time:
     D:1: 1088 daAuts
     D:2: 783 daAuts
